| TOP OF THE 1ST |
|
Kingsport Cherokees batting - Pitching for Blacksburg Tribe : RHP Israel Garcia
|
|
Pitching: RHP Israel Garcia
|
|
|
Batting: SHB Renard Brown
|
0-0: Fly out, F9 (Flyball, 89M, EV 85.6 MPH)
|
|
Batting: SHB Dewey James
|
0-0: Ground out U3 (Groundball, 34S, EV 90.6 MPH)
|
|
Batting: LHB Peter Camelo
|
0-0: Ball 1-0: Swinging Strike 1-1: Ball 2-1: Foul Ball, location: 2F 2-2: DOUBLE (Flyball, 78D, EV 106.9 MPH)
|
|
Batting: RHB Phillip Collins
|
0-0: Called Strike 0-1: Fly out, F7 (Flyball, 8LS, EV 83.8 MPH)
|
| Top of the 1st over - 0 runs, 1 hit, 0 errors, 1 left on base; Kingsport 0 - Blacksburg 0 |
| BOTTOM OF THE 1ST |
|
Blacksburg Tribe batting - Pitching for Kingsport Cherokees : RHP Ivan Vasquez
|
|
Pitching: RHP Ivan Vasquez
|
|
|
Batting: RHB Jesus Alcala
|
0-0: Ball 1-0: Called Strike 1-1: Ball 2-1: Ball 3-1: Base on Balls
|
|
Batting: LHB Butch Kirby
|
0-0: Ball Jesus Alcala is caught stealing 2nd base 2-6 1-0: Ball 2-0: SINGLE (Groundball, 15S, EV 60.0 MPH) (infield hit)
|
|
Batting: LHB George Cecchetti
|
0-0: Ball 1-0: Called Strike 1-1: Swinging Strike 1-2: Ball Butch Kirby steals 2nd base (no throw) 2-2: Foul Ball, location: 2F 2-2: Ball 3-2: Foul Ball, location: 2F 3-2: Foul Ball, location: 2F 3-2: Foul Ball, location: 2F 3-2: SINGLE (Flyball, 56D, EV 91.3 MPH) Butch Kirby to third
|
|
Batting: RHB Alwin Creel
|
0-0: Ball 1-0: Called Strike 1-1: Ball 2-1: Ball 3-1: Base on Balls George Cecchetti to second
|
|
Batting: RHB Omar Mora
|
0-0: Ball 1-0: Ball 2-0: Ball 3-0: Base on Balls Butch Kirby scores George Cecchetti to third Alwin Creel to second
|
|
Batting: LHB Jose Infante
|
0-0: Swinging Strike 0-1: Fly out, F7 (Line Drive, 7, EV 90.6 MPH)
|
|
Batting: SHB Gary Miller-Jones
|
0-0: Called Strike 0-1: Ball 1-1: Ground out 2-3 (Groundball, 13S, EV 69.4 MPH)
|
| Bottom of the 1st over - 1 run, 2 hits, 0 errors, 3 left on base; Kingsport 0 - Blacksburg 1 |
| TOP OF THE 2ND |
|
Kingsport Cherokees batting - Pitching for Blacksburg Tribe : RHP Israel Garcia
|
|
Batting: RHB David Rooker
|
0-0: Ball 1-0: Foul Ball, location: 2F 1-1: Ball 2-1: Foul Ball, location: 2F 2-2: Strikes out swinging
|
|
Batting: RHB Toby Hernandez
|
0-0: Ball 1-0: Called Strike 1-1: Foul Ball, location: 2F 1-2: Strikes out swinging
|
|
Batting: RHB Kenneth Grant
|
0-0: Called Strike 0-1: Swinging Strike 0-2: Hit by Pitch
|
|
Batting: RHB Juan Castillo
|
0-0: Called Strike 0-1: Ball Kenneth Grant is caught stealing 2nd base 2-4
|
| Top of the 2nd over - 0 runs, 0 hits, 0 errors, 0 left on base; Kingsport 0 - Blacksburg 1 |
| BOTTOM OF THE 2ND |
|
Blacksburg Tribe batting - Pitching for Kingsport Cherokees : RHP Ivan Vasquez
|
|
Batting: RHB Mike Isherwood
|
0-0: Called Strike 0-1: Ball 1-1: Foul Ball, location: 2F 1-2: Foul Ball, location: 2F 1-2: Ball 2-2: Strikes out swinging
|
|
Batting: RHB Michael Lanum
|
0-0: Called Strike 0-1: Ground out 4-3 (Groundball, 4, EV 86.9 MPH)
|
|
Batting: RHB Jesus Alcala
|
0-0: Ball 1-0: Ball 2-0: Ball 3-0: Base on Balls
|
|
Batting: LHB Butch Kirby
|
0-0: Ball 1-0: Ball 2-0: Called Strike 2-1: Ball 3-1: Ground out 4-3 (Groundball, 4, EV 108.8 MPH)
|
| Bottom of the 2nd over - 0 runs, 0 hits, 0 errors, 1 left on base; Kingsport 0 - Blacksburg 1 |
| TOP OF THE 3RD |
|
Kingsport Cherokees batting - Pitching for Blacksburg Tribe : RHP Israel Garcia
|
|
Batting: RHB Juan Castillo
|
0-0: Ball 1-0: Foul Ball, location: 2F 1-1: Ball 2-1: Ball 3-1: Base on Balls
|
|
Batting: RHB Jose Sanchez
|
0-0: Ball 1-0: Ground out 5-3 (Groundball, 5, EV 92.5 MPH) Juan Castillo to second
|
|
Batting: SHB Renard Brown
|
0-0: Ball Wild Pitch! Juan Castillo to third 1-0: Ball 2-0: Called Strike 2-1: Foul Ball, location: 2F 2-2: Ball 3-2: Base on Balls
|
|
Batting: SHB Dewey James
|
0-0: Called Strike Renard Brown is caught stealing 2nd base 2-6 0-1: Ball 1-1: Foul Ball, location: 2F 1-2: Ball 2-2: Ball 3-2: Base on Balls
|
|
Batting: LHB Peter Camelo
|
0-0: Ball 1-0: Ball 2-0: Fielders Choice at 2nd, 5-4 (Groundball, 5, EV 108.1 MPH)
|
| Top of the 3rd over - 0 runs, 0 hits, 0 errors, 2 left on base; Kingsport 0 - Blacksburg 1 |
| BOTTOM OF THE 3RD |
|
Blacksburg Tribe batting - Pitching for Kingsport Cherokees : RHP Ivan Vasquez
|
|
Batting: LHB George Cecchetti
|
0-0: Ball 1-0: SINGLE (Groundball, 6MD, EV 103.1 MPH)
|
|
Batting: RHB Alwin Creel
|
0-0: Ball George Cecchetti is caught stealing 2nd base 2-4 1-0: Ground out U3 (Groundball, 3, EV 91.3 MPH)
|
|
Batting: RHB Omar Mora
|
0-0: SINGLE (Line Drive, 9S, EV 98.1 MPH)
|
|
Batting: LHB Jose Infante
|
0-0: Called Strike 0-1: Foul Ball, location: 2F 0-2: Strikes out swinging
|
| Bottom of the 3rd over - 0 runs, 2 hits, 0 errors, 1 left on base; Kingsport 0 - Blacksburg 1 |
| TOP OF THE 4TH |
|
Kingsport Cherokees batting - Pitching for Blacksburg Tribe : RHP Israel Garcia
|
|
Batting: RHB Phillip Collins
|
0-0: Foul Ball, location: 2F 0-1: Called Strike 0-2: Ball 1-2: Strikes out looking
|
|
Batting: RHB David Rooker
|
0-0: Called Strike 0-1: Ball 1-1: Fly out, F8 (Flyball, 8LXD, EV 103.8 MPH)
|
|
Batting: RHB Toby Hernandez
|
0-0: Called Strike 0-1: SOLO HOME RUN (Flyball, 7D, EV 100.6 MPH), Distance : 393 ft
|
|
Batting: RHB Kenneth Grant
|
0-0: Ball 1-0: Called Strike 1-1: Ball 2-1: Fly out, F9 (Line Drive, 9, EV 101.9 MPH)
|
| Top of the 4th over - 1 run, 1 hit, 0 errors, 0 left on base; Kingsport 1 - Blacksburg 1 |
| BOTTOM OF THE 4TH |
|
Blacksburg Tribe batting - Pitching for Kingsport Cherokees : RHP Ivan Vasquez
|
|
Batting: SHB Gary Miller-Jones
|
0-0: Ball 1-0: Ground out U3 (Groundball, 3S, EV 85.6 MPH)
|
|
Batting: RHB Mike Isherwood
|
0-0: Ball 1-0: Foul Ball, location: 2F 1-1: Called Strike 1-2: Reached on error, E6 (Groundball, 6, EV 83.8 MPH)
|
|
Batting: RHB Michael Lanum
|
0-0: Fly out, F9 (Flyball, 89M, EV 93.1 MPH)
|
|
Batting: RHB Jesus Alcala
|
0-0: Ground out 3-1 (Groundball, 34S, EV 76.9 MPH)
|
| Bottom of the 4th over - 0 runs, 0 hits, 1 error, 1 left on base; Kingsport 1 - Blacksburg 1 |
| TOP OF THE 5TH |
|
Kingsport Cherokees batting - Pitching for Blacksburg Tribe : RHP Israel Garcia
|
|
Batting: RHB Juan Castillo
|
0-0: Ground out 5-3 (Groundball, 5L, EV 110.0 MPH)
|
|
Batting: RHB Jose Sanchez
|
0-0: Ball 1-0: Fly out, F8 (Flyball, 8RD, EV 101.3 MPH)
|
|
Batting: SHB Renard Brown
|
0-0: Called Strike 0-1: Ball 1-1: Ball 2-1: Called Strike 2-2: Ground out U3 (Groundball, 3, EV 107.5 MPH)
|
| Top of the 5th over - 0 runs, 0 hits, 0 errors, 0 left on base; Kingsport 1 - Blacksburg 1 |
| BOTTOM OF THE 5TH |
|
Blacksburg Tribe batting - Pitching for Kingsport Cherokees : RHP Ivan Vasquez
|
|
Batting: LHB Butch Kirby
|
0-0: Ground out 3-1 (Groundball, 34S, EV 80.6 MPH)
|
|
Batting: LHB George Cecchetti
|
0-0: Ground out U3 (Groundball, 3L, EV 88.1 MPH)
|
|
Batting: RHB Alwin Creel
|
0-0: Called Strike 0-1: Ball 1-1: Ball 2-1: Ball 3-1: Called Strike 3-2: Base on Balls
|
|
Batting: RHB Omar Mora
|
0-0: Called Strike 0-1: Ball 1-1: Ball 2-1: Ball 3-1: Called Strike 3-2: Fly out, F9 (Line Drive, 9, EV 99.4 MPH)
|
| Bottom of the 5th over - 0 runs, 0 hits, 0 errors, 1 left on base; Kingsport 1 - Blacksburg 1 |
| TOP OF THE 6TH |
|
Kingsport Cherokees batting - Pitching for Blacksburg Tribe : RHP Israel Garcia
|
|
Batting: SHB Dewey James
|
0-0: Ball 1-0: Ball 2-0: Foul Ball, location: 2F 2-1: Ground out 5-3 (Groundball, 5S, EV 82.5 MPH)
|
|
Batting: LHB Peter Camelo
|
0-0: Foul Ball, location: 2F 0-1: Ball 1-1: Ball 2-1: Foul Ball, location: 2F 2-2: Foul Ball, location: 2F 2-2: Fly out, F8 (Flyball, 89M, EV 91.3 MPH)
|
|
Batting: RHB Phillip Collins
|
0-0: Ball 1-0: Swinging Strike 1-1: Ground out 5-3 (Groundball, 56, EV 88.8 MPH)
|
| Top of the 6th over - 0 runs, 0 hits, 0 errors, 0 left on base; Kingsport 1 - Blacksburg 1 |
| BOTTOM OF THE 6TH |
|
Blacksburg Tribe batting - Pitching for Kingsport Cherokees : RHP Ivan Vasquez
|
|
Batting: LHB Jose Infante
|
0-0: Ball 1-0: SINGLE (Groundball, 56D, EV 108.8 MPH)
|
|
Batting: SHB Gary Miller-Jones
|
0-0: Ball 1-0: Called Strike 1-1: Ball 2-1: Ball 3-1: Base on Balls Jose Infante to second
|
|
Batting: RHB Mike Isherwood
|
0-0: Grounds into double play, 5-4-3 (Groundball, 5, EV 85.6 MPH) Jose Infante to third
|
|
Batting: RHB Michael Lanum
|
0-0: Ball 1-0: Swinging Strike 1-1: Ball 2-1: Foul Ball, location: 2F 2-2: Strikes out swinging
|
| Bottom of the 6th over - 0 runs, 1 hit, 0 errors, 1 left on base; Kingsport 1 - Blacksburg 1 |
| TOP OF THE 7TH |
|
Kingsport Cherokees batting - Pitching for Blacksburg Tribe : RHP Israel Garcia
|
|
Batting: RHB David Rooker
|
0-0: Ball 1-0: Called Strike 1-1: Ball 2-1: SINGLE (Line Drive, 78S, EV 107.5 MPH)
|
|
Batting: RHB Toby Hernandez
|
0-0: Bunt missed! 0-1: Bunted foul 0-2: Foul Ball, location: 2F 0-2: Foul Ball, location: 2F 0-2: Ball 1-2: Ball 2-2: Ball 3-2: Base on Balls David Rooker to second
|
|
Batting: RHB Kenneth Grant
|
0-0: Swinging Strike 0-1: Bunted foul 0-2: Ball Wild Pitch! David Rooker to third Toby Hernandez to second 1-2: Ground out 5-3 (Groundball, 5S, EV 68.8 MPH)
|
|
Batting: RHB Juan Castillo
|
0-0: Called Strike 0-1: Foul Ball, location: 2F 0-2: Fly out, F9 (Flyball, 89D, EV 89.4 MPH) Runner from 3rd tags up, SCORES, throw by RF Toby Hernandez to third
|
|
Batting: RHB Jose Sanchez
|
0-0: Ball 1-0: Called Strike 1-1: Ball 2-1: Called Strike 2-2: Ground out 6-3 (Groundball, 6, EV 100.0 MPH)
|
| Top of the 7th over - 1 run, 1 hit, 0 errors, 1 left on base; Kingsport 2 - Blacksburg 1 |
| BOTTOM OF THE 7TH |
|
Blacksburg Tribe batting - Pitching for Kingsport Cherokees : RHP Ivan Vasquez
|
|
Batting: RHB Jesus Alcala
|
0-0: Ball 1-0: Ball 2-0: Called Strike 2-1: Swinging Strike 2-2: Ground out 6-3 (Groundball, 6, EV 90.0 MPH)
|
|
Batting: LHB Butch Kirby
|
0-0: Ball 1-0: Called Strike 1-1: SINGLE (Groundball, 6MD, EV 101.9 MPH)
|
|
Batting: LHB George Cecchetti
|
0-0: Ball 1-0: Fly out, F7 (Flyball, 7S, EV 88.8 MPH)
|
|
Batting: RHB Alwin Creel
|
0-0: Ball 1-0: Called Strike 1-1: Foul Ball, location: 2F 1-2: Strikes out swinging
|
| Bottom of the 7th over - 0 runs, 1 hit, 0 errors, 1 left on base; Kingsport 2 - Blacksburg 1 |
| TOP OF THE 8TH |
|
Kingsport Cherokees batting - Pitching for Blacksburg Tribe : RHP Israel Garcia
|
|
Batting: SHB Renard Brown
|
0-0: Ball 1-0: Ball 2-0: Called Strike 2-1: Foul Ball, location: 2F 2-2: Ball 3-2: SINGLE (Groundball, 4M, EV 105.0 MPH) (infield hit)
|
|
Batting: SHB Dewey James
|
0-0: Ball 1-0: Swinging Strike 1-1: Ball 2-1: Foul Ball, location: 2F 2-2: Fielders Choice at 2nd, 1-6 (Groundball, 13S, EV 68.1 MPH)
|
|
Batting: LHB Peter Camelo
|
0-0: Ball 1-0: Ball 2-0: Called Strike 2-1: Called Strike 2-2: Ball 3-2: Foul Ball, location: 2F 3-2: Reached on error, E4 (Groundball, 4, EV 80.0 MPH) Dewey James to second
|
|
Batting: RHB Phillip Collins
|
0-0: Foul Ball, location: 2F 0-1: Called Strike 0-2: Ball 1-2: Ball 2-2: Ball 3-2: Foul Ball, location: 2F 3-2: Foul Ball, location: 2F 3-2: Base on Balls Dewey James to third Peter Camelo to second
|
|
Pitching: RHP Diego Cuellar
|
|
|
Batting: RHB David Rooker
|
0-0: Swinging Strike 0-1: Ball 1-1: Ball 2-1: Grounds into double play, 5-2-3 (Groundball, 56S, EV 73.8 MPH)
|
| Top of the 8th over - 0 runs, 1 hit, 1 error, 2 left on base; Kingsport 2 - Blacksburg 1 |
| BOTTOM OF THE 8TH |
|
Blacksburg Tribe batting - Pitching for Kingsport Cherokees : RHP Ivan Vasquez
|
|
Batting: RHB Omar Mora
|
0-0: Ball 1-0: Ball 2-0: Ball 3-0: Called Strike 3-1: Base on Balls
|
|
Batting: LHB Jose Infante
|
0-0: Foul Ball, location: 2F 0-1: Ball 1-1: Fielders Choice at 2nd, 4-6 (Groundball, 34, EV 87.5 MPH)
|
|
Batting: SHB Gary Miller-Jones
|
0-0: Grounds into double play, 6-4-3 (Groundball, 6, EV 93.8 MPH)
|
| Bottom of the 8th over - 0 runs, 0 hits, 0 errors, 0 left on base; Kingsport 2 - Blacksburg 1 |
| TOP OF THE 9TH |
|
Kingsport Cherokees batting - Pitching for Blacksburg Tribe : RHP Diego Cuellar
|
|
Batting: RHB Toby Hernandez
|
0-0: SINGLE (Groundball, 56D, EV 100.0 MPH)
|
|
Batting: RHB Kenneth Grant
|
0-0: Called Strike 0-1: Foul Ball, location: 2F 0-2: Foul Ball, location: 2F 0-2: Foul Ball, location: 2F 0-2: Foul Ball, location: 2F 0-2: Ball 1-2: Ball 2-2: Fly out, F8 (Flyball, 8RD, EV 98.8 MPH)
|
|
Batting: RHB Juan Castillo
|
0-0: Called Strike 0-1: Swinging Strike 0-2: Foul Ball, location: 2F 0-2: Ball 1-2: Strikes out swinging
|
|
Batting: RHB Jose Sanchez
|
0-0: Called Strike 0-1: Ball 1-1: Fly out, F4 (Popup, 4M, EV 61.3 MPH)
|
| Top of the 9th over - 0 runs, 1 hit, 0 errors, 1 left on base; Kingsport 2 - Blacksburg 1 |
| BOTTOM OF THE 9TH |
|
Blacksburg Tribe batting - Pitching for Kingsport Cherokees : RHP Ivan Vasquez
|
|
Batting: RHB Mike Isherwood
|
0-0: Ball 1-0: Ground out 1-3 (Groundball, P, EV 66.9 MPH)
|
|
Pitching: RHP Ron Richardson
|
|
|
Pinch Hitting: RHB Jay Munson
|
0-0: Called Strike 0-1: Called Strike 0-2: Ball 1-2: Strikes out looking
|
|
Batting: RHB Jesus Alcala
|
0-0: Ball 1-0: Called Strike 1-1: Swinging Strike 1-2: Fly out, F8 (Flyball, 8LS, EV 79.4 MPH)
|
| Bottom of the 9th over - 0 runs, 0 hits, 0 errors, 0 left on base; Kingsport 2 - Blacksburg 1 |
|